Cogmind - Beta 15 *** ADVENTURER MODE // 2025.09.14 @ 20:26:01 // Winter2019/RPGLIKE Player: Gallgagger Result: Destroyed by Decapitator with Experimental Terror Saw Performance ------------- Evolutions (8) 4000 Regions Visited (22) 4400 Robots Destroyed (979) 4895 Value Destroyed (45471) 45471 Prototype IDs (122) 2440 Alien Tech Used (0) 0 Bonus (44528) 44528 TOTAL SCORE: 105734 Bonus ------- Triggered High Security 2500 High Alert Combat Kills 18796 Follower Combat Kills 968 Entered Garrisons 200 Met Warlord at Base 500 MAIN.C Attacked Warlord 500 Warlord Defense Kills 20632 Hacked Protovariant 500 Met Warlord at Research 2000 Scanned by Researcher 500 Friendly Fire -2568 Cogmind --------- Core Integrity 0/1350 Matter 423/600 Energy 450/450 System Corruption 10% Temperature Cool (0) Movement Hovering (28) Location -2/Protoforge Parts ------- > --- POWER (3) -------- Micro Antimatter Reactor Micro Antimatter Reactor Micro Antimatter Reactor > --- PROPULSION (5) --- Improved Linear Gravjet Improved Linear Gravjet Cooled Linear Gravjet Cooled Linear Gravjet > --- UTILITY (9) ------ Advanced Gravity Neutralizer Centrium Medium Armor Plating Advanced Focal Shield Experimental Thermal Shield Experimental EM Disruption Field Advanced Hacking Suite System Mapper Long-range Tractor Beam > --- WEAPON (4) ------- Heavy Disruptor Cannon Ragnarok Missile Launcher Concept Concussive Dispersal Blaster > --- INVENTORY (6) ---- Protomatter-16 Experimental System Shield Core Reset Matrix Subatomic Replicator Heavy Dispersion Rifle Peak State ------------ > --- POWER ------------ Micro Antimatter Reactor Micro Antimatter Reactor Micro Antimatter Reactor > --- PROPULSION ------- Improved Linear Gravjet Improved Linear Gravjet Improved Linear Gravjet Cooled Linear Gravjet Cooled Linear Gravjet > --- UTILITY ---------- Advanced Gravity Neutralizer Long-range Terrain Scanner Centrium Medium Armor Plating Advanced Focal Shield Experimental Thermal Shield Experimental EM Disruption Field Advanced Hacking Suite System Mapper Long-range Tractor Beam > --- WEAPON ----------- Heavy Disruptor Cannon Ragnarok Missile Launcher Containment Facilitator > --- INVENTORY -------- Biometal Leg Experimental System Shield Core Reset Matrix Subatomic Replicator Heavy Dispersion Rifle Vibroblade [Rating: 175] Favorites ----------- Power Micro Antimatter Reactor Engine Light Deuterium Engine Power Core Light Nuclear Core Reactor Micro Antimatter Reactor Propulsion Aerolev Unit Wheel Compact Wheel Hover Unit Aerolev Unit Utility Improved Signal Interpreter Device Improved Hardlight Generator Processor Improved Signal Interpreter Hackware Advanced Hacking Suite Protection Makeshift Kinetic Plating Weapon Smartbomb Launcher Energy Gun Heavy Dispersion Rifle Energy Cannon Heavy Particle Cannon Ballistic Gun Makeshift Shrapnel Gun Ballistic Cannon Heavy Autocannon Launcher Smartbomb Launcher Special Weapon RU-N14's Throwing Claymores v3 Build | -11 -10 -10 -10 -8 -8 -8 -7 -7 -7 -5 -5 -5 -5 -4 -4 -4 -4 -3 -3 -2 -2 -2 ------- Run | Yrd Mat Min Sub Mat Gar Mat Fac Sto Rec Fac Upp Upp War Pro Fac Upp Upp Res Tes Res Qua Frg Slots Evolved 17 | 5 . 1 . 1 2 2 . 1 . 1 . . 1 . 1 . . 1 . 1 . . Power 2 | 2 . . . . . . . . . . . . . . . . . . . . . . Propulsion 4 | 1 . . . 1 1 . . . . . . . . . 1 . . . . . . . Utility 8 | 1 . 1 . . 1 2 . 1 . . . . . . . . . 1 . 1 . . Weapon 3 | 1 . . . . . . . . . 1 . . 1 . . . . . . . . . Parts Attached 108 | 7 7 5 3 6 2 5 10 3 1 9 . . 4 . 6 2 2 4 12 9 9 2 Power 12 | 2 . 2 . . . . 1 1 . 4 . . . . . . . 1 . 1 . . Engine 6 | 2 . 1 . . . . 1 1 . 1 . . . . . . . . . . . . Core 1 | . . 1 . . . . . . . . . . . . . . . . . . . . Reactor 5 | . . . . . . . . . . 3 . . . . . . . 1 . 1 . . Propulsion 25 | 2 2 . . 1 1 4 5 . . 1 . . . . 3 . . 2 . 2 2 . Treads . | . . . . . . . . . . . . . . . . . . . . . . . Leg . | . . . . . . . . . . . . . . . . . . . . . . . Wheel 2 | 2 . . . . . . . . . . . . . . . . . . . . . . Hover 23 | . 2 . . 1 1 4 5 . . 1 . . . . 3 . . 2 . 2 2 . Flight . | . . . . . . . . . . . . . . . . . . . . . . . Utility 35 | 1 2 1 2 . 1 . 3 . 1 2 . . . . 2 2 1 1 6 4 5 1 Device 24 | 1 . . . . 1 . 3 . 1 2 . . . . 2 2 . 1 5 3 2 1 Storage . | . . . . . . . . . . . . . . . . . . . . . . . Processor 2 | . . 1 . . . . . . . . . . . . . . 1 . . . . . Hackware 3 | . . . . . . . . . . . . . . . . . . . 1 . 2 . Protection 6 | . 2 . 2 . . . . . . . . . . . . . . . . 1 1 . Artifact . | . . . . . . . . . . . . . . . . . . . . . . . Weapon 36 | 2 3 2 1 5 . 1 1 2 . 2 . . 4 . 1 . 1 . 6 2 2 1 Energy Gun 8 | 1 2 . . . . . . . . . . . . . . . 1 . 4 . . . Energy Cannon 5 | . . 1 . . . . 1 . . . . . . . . . . . 1 . 2 . Ballistic Gun 2 | 1 . 1 . . . . . . . . . . . . . . . . . . . . Ballistic Cannon 1 | . . . . . . . . . . . . . 1 . . . . . . . . . Launcher 17 | . 1 . 1 5 . 1 . 2 . 2 . . . . 1 . . . 1 2 . 1 Special Weapon 3 | . . . . . . . . . . . . . 3 . . . . . . . . . Impact Weapon . | . . . . . . . . . . . . . . . . . . . . . . . Slashing Weapon . | . . . . . . . . . . . . . . . . . . . . . . . Piercing Weapon . | . . . . . . . . . . . . . . . . . . . . . . . Special Melee Weapon . | . . . . . . . . . . . . . . . . . . . . . . . Unidentified Prototypes 32 | . . . . . . 1 3 1 . 1 . . 2 . 1 . . . 10 7 4 2 Parts Lost 3 | . . 1 . . . . . . . . . . . . . . . 1 . 1 . . Power 1 | . . . . . . . . . . . . . . . . . . 1 . . . . Propulsion . | . . . . . . . . . . . . . . . . . . . . . . . Utility 2 | . . 1 . . . . . . . . . . . . . . . . . 1 . . Weapon . | . . . . . . . . . . . . . . . . . . . . . . . Highest Loss Streak 1 | . . 1 . . . . . . . . . . . . . . . 1 . 1 . . To Critical Strikes . | . . . . . . . . . . . . . . . . . . . . . . . Average Backups 3 | . . . 1 . . 1 4 3 2 4 5 5 5 3 4 6 6 5 5 5 4 4 Power . | . . . . . . . . . . . 1 1 . . . . . . . . . . Propulsion . | . . . . . . . . . . 1 2 2 1 1 . . . . . . . . Utility 2 | . . . 1 . . . 1 2 2 2 2 2 2 2 3 6 6 5 4 4 2 1 Weapon . | . . . . . . 1 2 . . . . . 2 . . . . . . . . . Tool/Special . | . . . . . . . . . . . . . . . . . . . . . . . Unused Backups 31 | . . . 1 1 . 3 1 1 4 5 1 . 1 . 1 . . 1 3 . . 8 Power . | . . . . . . . . . . . . . . . . . . . . . . . Propulsion 10 | . . . . . . . . . 1 5 . . 1 . 1 . . . . . . 2 Utility 14 | . . . 1 1 . 3 . . 1 . 1 . . . . . . 1 3 . . 3 Weapon 5 | . . . . . . . 1 1 2 . . . . . . . . . . . . 1 Tool/Special 2 | . . . . . . . . . . . . . . . . . . . . . . 2 Average Slot Usage (%) 86 | . 81 83 84 78 84 82 89 91 96 89 88 88 85 82 83 84 85 87 89 92 92 94 Engine 4 | . 21 14 10 9 8 6 6 6 12 7 . . . . . . . . . . . . Core 2 | . . 7 10 9 8 6 6 6 6 . . . . . . . . . . . . . Reactor 6 | . . . . . . . . . . 4 11 11 11 11 10 10 10 12 10 14 14 14 Hover 23 | . 19 21 20 19 25 26 26 25 25 24 23 23 22 22 22 26 26 25 25 24 23 23 Device 22 | . 11 10 10 9 11 13 22 25 28 28 29 29 28 27 26 26 26 31 30 28 24 28 Processor 5 | . . 7 10 9 8 6 6 6 6 5 5 5 5 5 5 5 5 5 5 4 . . Hackware 1 | . . . . . . . . . . . . . . . . . . . 4 4 12 9 Protection 5 | . 10 . 8 9 8 6 6 6 6 5 5 5 5 5 5 5 5 2 . . 4 4 Energy Gun 1 | . 10 . . . . . . . . . . . . . . . 1 . 3 4 4 . Launcher 10 | . 5 10 9 14 13 13 13 12 12 11 11 11 5 10 10 10 10 10 10 9 5 8 Peak Build Rating 175 | 9 12 21 23 28 37 45 54 65 65 90 84 84 95 83 100 103 113 121 134 154 171 175 Average Rating 75 | 4 10 16 19 21 28 43 51 54 62 73 83 84 85 82 90 100 107 115 127 140 159 172 On Entrance 71 | . 9 9 18 19 28 37 45 54 65 61 84 84 84 77 83 100 103 113 114 132 145 171 Naked Turns . | . . . . . . . . . . . . . . . . . . . . . . . Heaviest Build 76 | 12 16 20 32 32 40 40 41 54 54 65 58 56 59 58 61 61 66 71 68 74 76 76 Greatest Support 89 | 32 32 22 27 34 43 51 51 57 57 60 60 60 60 60 73 73 73 77 77 81 89 89 Greatest Overweight (x) 1 | . . . 1 . . . . . . 1 . . 1 . . . . . 1 . . . Average Overweight (x) . | . . . . . . . . . . . . . . . . . . . . . . . Largest Inventory Capacity 6 | . 1 1 1 1 2 4 5 5 5 5 5 5 6 6 6 6 6 6 6 6 6 6 Average Capacity 4 | . . 1 1 1 1 3 4 5 5 5 5 5 5 6 6 6 6 6 6 6 6 6 Most Carried 6 | . . 1 1 1 2 4 5 5 5 5 5 5 6 4 6 6 6 6 6 6 6 6 Average Carried 3 | . . . 1 . 1 2 4 4 2 4 5 5 5 3 4 6 6 5 5 5 5 4 Final Capacity 6 | . 1 1 1 1 2 4 5 5 5 5 5 5 6 6 6 6 6 6 6 6 6 6 Final Carried 6 | . . 1 1 . 1 3 5 3 2 5 5 5 4 3 6 6 6 5 6 6 5 5 Class Distribution -------------------- 46% | Hacker-Scout 20% | Hacker-Bomber 7% | Scout 7% | Hacker-Mutant 6% | Mutant 4% | Wizard-Sprinter 3% | Hacker-Sprinter Dominant Class ---------------- Mutant | -10/Materials Mutant | -10/Mines Scout | -10/Subcaves Hacker-Scout | -8/Materials Hacker-Scout | -8/Garrison Hacker-Scout | -8/Materials Hacker-Scout | -7/Factory Hacker-Scout | -7/Storage Hacker-Mutant | -7/Recycling Hacker-Mutant | -5/Factory Hacker-Bomber | -5/Upper Caves Hacker-Scout | -5/Upper Caves Hacker-Scout | -5/Warlord Hacker-Bomber | -4/Proximity Caves Hacker-Bomber | -4/Factory Hacker-Sprinter | -4/Upper Caves Hacker-Scout | -4/Upper Caves Hacker-Scout | -3/Research Hacker-Scout | -3/Testing Hacker-Scout | -2/Research Wizard-Sprinter | -2/Quarantine Wizard-Scout | -2/Protoforge Resources | -11 -10 -10 -10 -8 -8 -8 -7 -7 -7 -5 -5 -5 -5 -4 -4 -4 -4 -3 -3 -2 -2 -2 ----------- Run | Yrd Mat Min Sub Mat Gar Mat Fac Sto Rec Fac Upp Upp War Pro Fac Upp Upp Res Tes Res Qua Frg Matter Collected 20589 | 173 362 228 644 643 674 641 797 852 832 2969 332 176 2633 726 1298 648 488 724 1314 1996 813 626 Remotely 17108 | . . . . . . . 778 852 832 2969 332 176 2633 726 1298 648 488 724 1314 1908 804 626 Salvage Created 23094 | 12 479 143 539 614 667 699 1114 1411 298 4031 287 165 2875 627 2414 737 477 627 1453 2417 434 574 Parts 1182 | 3 42 23 47 51 44 53 70 94 7 186 8 12 134 28 106 12 13 45 56 95 16 37 Haulers Intercepted 13 | . 2 . . 2 . 1 1 4 . 1 . . . . . . . . 2 . . . Recyclers Shooed 7 | 1 1 1 . . . . 1 1 . . . . . . . . . 2 . . . . Parts Field Recycled . | . . . . . . . . . . . . . . . . . . . . . . . Retrieved Matter . | . . . . . . . . . . . . . . . . . . . . . . . Parts Self-Destructed 51 | . . . 13 . . . . . . . 6 5 . 20 . 4 3 . . . . . Prevented 15 | . . . . . . . . . . . 2 . . 2 . 4 7 . . . . . Kills | -11 -10 -10 -10 -8 -8 -8 -7 -7 -7 -5 -5 -5 -5 -4 -4 -4 -4 -3 -3 -2 -2 -2 ------- Run | Yrd Mat Min Sub Mat Gar Mat Fac Sto Rec Fac Upp Upp War Pro Fac Upp Upp Res Tes Res Qua Frg Combat Hostiles Destroyed 812 | . 19 9 29 29 31 27 27 39 7 119 13 11 187 28 59 14 16 19 32 60 10 27 Melee 1 | . . . . . . . . . . 1 . . . . . . . . . . . . Guns 19 | . 8 . . . . . . . . . . . . . . . . . 1 8 2 . Cannons 20 | . . 4 7 . . . . . . . . . 1 . . . . . 1 . . 7 AOE 757 | . 11 5 21 29 31 27 26 39 7 116 12 11 186 28 53 14 15 18 29 52 8 19 Classes Destroyed 30 | 1 7 . 4 1 5 . 1 . . 3 . . 3 2 . . . . . 1 . 2 Worker 53 | . 1 1 . 2 . 4 5 7 . 9 . . . . 6 . . 6 3 9 . . Builder 26 | . 1 2 . 1 . 2 3 3 . 4 . . . . 3 . . 4 2 1 . . Tunneler 11 | 1 . . . 2 . 1 2 . . 1 . . . . 1 . . 2 . 1 . . Hauler 13 | . 2 . . 2 . 1 1 4 . 1 . . . . . . . . 2 . . . Recycler 17 | . 2 . . . . . 2 1 2 4 . . . . 3 . . 2 . 1 . . Carrier 2 | . . . . . . . . . . 1 . . . . . . . . . 1 . . Mechanic 16 | . . . . . . . 1 3 . 5 . . 2 1 . . . . . 4 . . Operator 5 | . . . . 1 . . 1 . . 1 . . . . . . . 1 . . 1 . Drone 10 | . . . . . . . . . . . . . . 2 . . . 1 . . 1 6 Turret 1 | . . . 1 . . . . . . . . . . . . . . . . . . . Watcher 30 | . 3 . . 5 1 4 . 2 . 2 . . . . 5 . . 2 3 3 . . Swarmer 166 | . 5 2 9 8 3 11 11 6 . 8 2 4 32 15 19 2 2 6 . 17 . 4 Saboteur 16 | . . . . . . . . . . 4 . . 10 . 1 . . . 1 . . . Grunt 311 | . 14 7 . 16 10 7 6 20 . 61 3 6 84 3 21 11 7 1 17 17 . . Brawler 32 | . . . . . 1 . 2 1 . 5 1 . 10 3 . 1 2 . . 4 2 . Duelist 37 | . . . . . 5 . . 2 . 8 2 . 8 2 1 2 . . 2 5 . . Protector 16 | . . . . . . . . . . 8 . . 6 . . . . . 1 1 . . Researcher 1 | . . . . . . . . . . . . . . . . . . . . . . 1 Sentry 69 | . . . 1 5 7 8 5 10 3 2 2 1 . 2 9 1 2 4 . 5 . 2 Specialist 11 | . . . . . 1 . . . . . . . 7 . . . . . 3 . . . Hunter 51 | . . . . . 4 1 2 . . 10 2 . 11 . 5 . 2 5 2 4 3 . Programmer 43 | . . . . . 3 . 1 1 . 14 1 . 3 . 3 . . 2 6 2 4 3 Q-Series 1 | . . . . . . . . . . . . . . . . . . . . . . 1 Behemoth 5 | . . . . . . . . . . . . . . 1 . . 1 . . 3 . . Hotshot 5 | . . . . . . . . . . . . . . . . . . . . . . 5 Decapitator 6 | . . . . . . . . . . . . . . . . . . . . . . 6 Investigator 2 | . . . . . . . . . . . . . . . . . . . . 2 . . Striker 12 | . . . . . . . . . . . . . 10 . . . . . . 2 . . Executioner 6 | . . . . . . . . . . . . . 6 . . . . . . . . . Artisan 1 | . . . 1 . . . . . . . . . . . . . . . . . . . Subdweller 23 | . . . 19 . . . . . 4 . . . . . . . . . . . . . Thug 5 | . . . . . . . . . . 3 . . 2 . . . . . . . . . Butcher 1 | . . . . . . . . . . . . . 1 . . . . . . . . . Mutant 2 | . . . . . . . . . . . . . 1 . . 1 . . . . . . Commander 1 | . . . . . . . . . . . . . 1 . . . . . . . . . Best Kill Streak 41 | 1 6 4 7 7 6 15 10 22 3 32 7 4 41 19 16 15 7 15 16 18 4 12 Combat Bots Only 35 | . 5 3 6 5 6 12 9 12 3 26 7 4 35 19 12 9 7 4 13 10 4 12 Max Kills in Single Turn 8 | 1 2 2 3 3 5 4 6 6 2 8 4 2 8 5 4 2 3 4 2 6 2 4 Gunslinging . | . . . . . . . . . . . . . . . . . . . . . . . Exploded 8 | . 2 2 3 3 3 3 3 5 1 4 4 2 8 5 4 2 3 2 2 4 2 4 Melee 1 | . . . . . . . . . . 1 . . . . . . . . . . . . Uniques/NPCs Destroyed . | . . . . . . . . . . . . . . . . . . . . . . . Combat | -11 -10 -10 -10 -8 -8 -8 -7 -7 -7 -5 -5 -5 -5 -4 -4 -4 -4 -3 -3 -2 -2 -2 -------- Run | Yrd Mat Min Sub Mat Gar Mat Fac Sto Rec Fac Upp Upp War Pro Fac Upp Upp Res Tes Res Qua Frg Hostile Shots Fired 2052 | . 45 22 73 40 54 41 231 273 83 204 13 . 279 21 102 31 25 85 60 215 121 34 Missed 976 | . 20 3 36 17 26 15 110 163 46 94 2 . 146 10 45 14 10 38 28 75 63 15 Hits 1076 | . 25 19 37 23 28 26 121 110 37 110 11 . 133 11 57 17 15 47 32 140 58 19 Melee 21 | . . . . . . . . . . 1 2 . 1 . . . . . . 13 . 4 Projectile 1055 | . 25 19 37 23 28 26 121 110 37 109 9 . 132 11 57 17 15 47 32 127 58 15 AOE 13 | . . . . . . . . . . . . . 6 . . . . 1 . 3 . 3 Critical Strikes 38 | . . . 2 1 1 2 1 . . 1 1 . 7 2 . . 1 2 2 9 2 4 Part Disruptions 3 | . . . . . . . . . . 1 . . 1 . . . . . . . 1 . Damage Taken 9961 | . 303 170 893 301 419 138 206 527 131 1274 139 4 901 85 477 123 129 494 273 1471 767 736 Core 7391 | . 187 121 685 236 317 101 129 405 88 940 96 1 707 65 347 86 89 353 214 1130 555 539 Absorbed by Shields 4398 | . . . . . 55 149 569 478 136 492 54 . 671 42 294 102 77 206 150 923 . . Redirected to Core 6144 | . 169 82 532 181 272 95 108 313 74 765 96 1 480 55 308 86 75 321 170 956 519 486 Redirected to Shielding 31 | . 9 . 22 . . . . . . . . . . . . . . . . . . . Ignored by Resistances 8942 | . 98 55 189 125 210 134 359 337 139 1020 129 1 1310 160 510 169 176 476 377 1894 592 482 Regen/Repaired (Parts) 127 | . . . . . . . . 127 . . . . . . . . . . . . . . Core Remaining (%) 87 | 100 . . 77 . . 96 . . 71 . . . . 100 . . 76 . 94 . . . Volleys Fired 1271 | 3 49 22 74 50 32 35 48 47 11 154 22 9 193 28 86 38 31 54 79 131 25 50 Largest 2 | 2 2 1 2 2 2 2 2 2 2 2 1 1 1 1 1 1 1 1 2 2 1 1 Hottest 174 | 60 130 75 105 66 78 78 75 90 90 91 46 46 76 46 80 80 80 80 174 164 94 110 Shots Fired 1420 | 5 65 22 88 59 46 53 71 70 20 166 22 10 193 28 87 38 31 54 80 137 25 50 Gun 111 | 5 39 3 . . . . . . . . . . . . . . . . 12 44 8 . Cannon 82 | . . 13 28 . . . . . . . . . 1 . . . . . 10 . . 30 Launcher 1214 | . 26 6 60 59 46 53 71 70 20 166 22 10 179 28 87 38 31 54 58 93 17 20 Special 13 | . . . . . . . . . . . . . 13 . . . . . . . . . Kinetic 15 | 3 . 3 8 . . . . . . . . . 1 . . . . . . . . . Thermal 154 | . 39 13 28 . . . . . . . . . . . . . . . 22 44 8 . Explosive 1061 | . 26 6 52 59 46 48 39 42 20 125 18 9 189 22 69 31 25 51 57 90 17 20 Electromagnetic 190 | 2 . . . . . 5 32 28 . 41 4 1 3 6 18 7 6 3 1 3 . 30 Robot Hit Streak 52 | 2 28 22 37 50 13 18 24 38 39 43 48 . 52 41 44 29 30 7 28 37 15 12 Robot Miss Streak 3 | 1 3 1 1 2 2 1 1 2 1 2 . . 1 . 1 . 1 1 . 2 1 2 Penetration Max . | . . . . . . . . . . . . . . . . . . . . . . . Secondary Targets . | . . . . . . . . . . . . . . . . . . . . . . . Shots Hit Robots 648 | 4 54 18 52 41 28 28 50 37 9 71 5 . 34 11 25 7 7 7 21 85 21 33 Core Hits 2207 | 2 75 16 42 81 61 55 75 140 42 341 20 20 467 54 201 57 40 69 115 173 17 44 Critical Kills 7 | . . . 1 . . . . . . . . . . . . . . . 1 3 2 . Critical Parts Destroyed 5 | . . . . . . . . . . . . . . . . . . . 2 3 . . Critical Strikes 19 | . . . 1 . . . . . . . . . 4 . . . . . 3 8 2 1 Meltdown 2 | . . . 1 . . . . . . . . . . . . . . . 1 . . . Destroy 12 | . . . . . . . . . . . . . . . . . . . 2 8 2 . Corrupt 1 | . . . . . . . . . . . . . . . . . . . . . . 1 Sever 4 | . . . . . . . . . . . . . 4 . . . . . . . . . Melee Attacks . | . . . . . . . . . . . . . . . . . . . . . . . Impact . | . . . . . . . . . . . . . . . . . . . . . . . Slashing . | . . . . . . . . . . . . . . . . . . . . . . . Piercing . | . . . . . . . . . . . . . . . . . . . . . . . Sneak Attacks . | . . . . . . . . . . . . . . . . . . . . . . . Combat Hostiles . | . . . . . . . . . . . . . . . . . . . . . . . Follow-up Attacks . | . . . . . . . . . . . . . . . . . . . . . . . Damage Inflicted 166346 | 37 1825 913 3582 3642 4496 3510 4435 6240 1196 24229 2446 1198 45031 4417 11898 3309 3324 5828 8125 17333 3085 6247 Guns 2277 | 37 576 79 . . . . . . . . . . . . . . . . 247 1146 192 . Cannons 2488 | . . 320 650 . . . . . . . . . . . . . . . 432 . . 1086 Explosions 161016 | . 1249 514 2932 3642 4496 3510 4435 6223 1196 24229 2446 1198 44562 4417 11862 3309 3324 5785 7446 16187 2893 5161 Melee . | . . . . . . . . . . . . . . . . . . . . . . . Ramming 96 | . . . . . . . . 17 . . . . . . 36 . . 43 . . . . Kinetic 446 | 25 . 79 342 . . . . . . . . . . . . . . . . . . . Thermal 5732 | . 676 376 650 . . 200 264 329 . 618 . . . . 558 . . 44 679 1146 192 . Explosive 147864 | . 1149 458 2590 3596 4496 2972 2678 4252 1196 20477 2294 1198 44412 4255 8972 2955 2956 5596 7369 15939 2893 5161 Electromagnetic 11739 | 12 . . . 46 . 338 1493 1642 . 3134 152 . 150 162 2332 354 368 145 77 248 . 1086 Impact . | . . . . . . . . . . . . . . . . . . . . . . . Slashing 469 | . . . . . . . . . . . . . 469 . . . . . . . . . Piercing . | . . . . . . . . . . . . . . . . . . . . . . . Highest Corruption 10 | . . . . . 1 1 4 6 6 4 4 4 4 . 2 2 2 2 2 2 7 10 Average Corruption 2 | . . . . . 1 1 3 5 3 1 4 4 4 . 1 2 2 1 2 1 3 7 Corruption Purged 5 | . . . . . . . . . 5 . . . . . . . . . . . . . Corruption Blocked . | . . . . . . . . . . . . . . . . . . . . . . . Effects 142 | . . . . . . 6 12 9 8 20 14 9 1 . 4 8 6 1 15 . 9 20 Message Errors 33 | . . . . . . 1 3 1 1 2 5 4 1 . 1 1 1 1 4 . 3 4 Matter Fused 28 | . . . . . . 1 4 . 4 2 1 2 . . . 1 1 . 6 . 2 4 Heat Flow Errors 22 | . . . . . . . 1 5 . 3 2 . . . 1 4 . . 3 . 1 2 Energy Discharges 23 | . . . . . . 3 2 1 1 5 2 . . . 1 1 . . 1 . 3 3 Parts Fused 3 | . . . . . . 1 1 . . . . . . . . . 1 . . . . . Data Loss (minor) 13 | . . . . . . . . 1 . 2 3 . . . . 1 2 . 1 . . 3 Data Loss (major) 5 | . . . . . . . 1 . . 2 . . . . . . 1 . . . . 1 Misfires 9 | . . . . . . . . 1 2 3 . 1 . . 1 . . . . . . 1 Alerts 4 | . . . . . . . . . . . 1 2 . . . . . . . . . 1 Weapon Failures 2 | . . . . . . . . . . 1 . . . . . . . . . . . 1 Overload Shots . | . . . . . . . . . . . . . . . . . . . . . . . Overflow Damage 6532 | . 60 27 51 119 94 98 265 71 9 933 134 43 1619 264 492 55 130 287 388 886 314 193 Projectiles 82 | . . 21 21 . . . . . . . . . . . . . . . . . . 40 Explosions 6435 | . 60 6 30 119 94 98 265 71 9 933 134 43 1619 264 492 55 130 272 388 886 314 153 Melee 15 | . . . . . . . . . . . . . . . . . . 15 . . . . Knockbacks 1 | . . . . . . . . . . . . . . . . . . 1 . . . . Impact 1 | . . . . . . . . . . . . . . . . . . 1 . . . . Kinetic . | . . . . . . . . . . . . . . . . . . . . . . . Secondary . | . . . . . . . . . . . . . . . . . . . . . . . Self-Inflicted Damage 1744 | . 123 5 72 72 143 38 48 26 24 420 8 4 7 40 93 3 17 85 39 249 . 228 Shots 94 | . 6 1 5 5 7 3 1 2 2 28 1 1 2 2 7 1 2 6 3 6 . 3 Rammed 4 | . . . . . . . . 1 . . . . . . 1 . . 2 . . . . Targets Rammed 4 | . . . . . . . . 1 . . . . . . 1 . . 2 . . . . Kicked . | . . . . . . . . . . . . . . . . . . . . . . . Crushed . | . . . . . . . . . . . . . . . . . . . . . . . Highest Temperature 419 | 45 419 . . . . . 163 223 . 202 250 . 351 5 271 245 39 192 215 304 136 151 Average Temperature 72 | 22 142 . . . . . 62 91 . 26 80 . 50 2 55 73 20 66 60 81 66 59 Received Heat Transfer 1799 | . 87 102 141 108 68 34 82 56 56 174 15 . 92 11 92 47 12 46 51 372 135 18 Effects 3 | . 1 . . . . . . . . . 1 . . . . . . . . 1 . . Shutdowns 1 | . 1 . . . . . . . . . . . . . . . . . . . . . Energy Bleed 2 | . . . . . . . . . . . 1 . . . . . . . . 1 . . Siege Activations . | . . . . . . . . . . . . . . . . . . . . . . . Martial Activations . | . . . . . . . . . . . . . . . . . . . . . . . Shielding Activations . | . . . . . . . . . . . . . . . . . . . . . . . Robots Disrupted 6 | . . . . . . . 1 1 . . . . . . 3 . . . . . . 1 Combat Hostiles 4 | . . . . . . . 1 1 . . . . . . 1 . . . . . . 1 Robots Corrupted 14 | . . . . . . . 1 . . 2 1 . . . 7 . 1 1 . . . 1 Combat Hostiles 12 | . . . . . . . 1 . . 2 1 . . . 6 . 1 1 . . . . Parts Fried 41 | . . . . . . 1 3 3 . 6 . . . . 16 4 2 1 . . . 5 Impact Corruptions 1 | . . . . . . . . . . . . . . . . . . 1 . . . . Robots Melted 2 | . . . 1 . . . . . . . . . . . . . . . 1 . . . Combat Hostiles 2 | . . . 1 . . . . . . . . . . . . . . . 1 . . . Parts Melted 10 | . . 1 3 . . . . . . 1 . . 2 . . . . . 3 . . . Heat Transferred 6276 | . 770 494 962 . . 100 200 550 . 452 . . . . 500 . . 50 666 1310 222 . Parts Sabotaged 4 | . . . . . . . . . . 2 . . . . . . . . . 2 . . Parts Stolen . | . . . . . . . . . . . . . . . . . . . . . . . Parts Stripped . | . . . . . . . . . . . . . . . . . . . . . . . Power Chain Reactions 21 | . . . . . . . 4 7 . 5 . . . . 3 . . 1 . 1 . . Alert | -11 -10 -10 -10 -8 -8 -8 -7 -7 -7 -5 -5 -5 -5 -4 -4 -4 -4 -3 -3 -2 -2 -2 ------- Run | Yrd Mat Min Sub Mat Gar Mat Fac Sto Rec Fac Upp Upp War Pro Fac Upp Upp Res Tes Res Qua Frg Maximum Alert Level 5 | . 1 1 . 2 4 3 4 5 4 5 . . . . 5 . . 5 5 5 5 4 Low Security (%) 13 | 100 82 87 . 33 . . . . . . . . . . 15 . . . . . . . Level 1 5 | . 17 12 . 17 4 . 19 22 . . . . . . 1 . . . . . . . Level 2 11 | . . . . 49 14 28 39 16 . 2 . . . . 7 . . . . . . . Level 3 26 | . . . . . 30 71 37 5 12 49 . . . . 13 . . 28 25 . . 92 Level 4 21 | . . . . . 50 . 3 44 87 7 . . . . 12 . . 56 45 13 63 6 Level 5 11 | . . . . . . . . . . 8 . . . . 36 . . 14 27 23 36 . High Security 10 | . . . . . . . . 10 . 31 . . . . 13 . . . 1 62 . . Max Security . | . . . . . . . . . . . . . . . . . . . . . . . Peak Influence 4287 | 5 286 228 . 699 1410 1045 1126 1851 1487 4071 . . . . 2685 . . 1980 2052 4287 2130 1145 Initial 2100 | . . 87 . . 331 592 355 292 1100 716 . . . . 128 . . 742 965 1100 2100 721 Average 1120 | . 111 147 . 343 989 772 649 961 1295 1579 . . . . 1334 . . 1246 1461 2740 1543 799 Influence Increases 31656 | 5 774 281 270 1302 1119 1351 1586 1839 607 4365 280 240 4061 609 3487 270 355 1588 1917 3357 1174 819 Destroy 0b10 Robot/C 15920 | . 380 180 220 580 680 540 620 820 100 2260 260 220 3700 540 1320 260 320 360 700 1240 180 440 Destroy 0b10 Robot/NC 1020 | 5 45 15 . 65 10 65 75 100 15 160 . . 50 20 100 . 5 90 60 100 10 30 Destroy Leader 1964 | . 110 40 20 134 20 160 152 222 . 336 20 20 . 40 210 10 30 94 80 196 30 40 Allied During Kill 257 | . . . . . 36 . 10 12 3 . . . 56 9 89 . . 8 34 . . . Successful Hack 426 | . 6 . . 30 6 14 102 36 10 25 . . . . 98 . . 34 53 12 . . Select Force Hacks 260 | . 110 . . . . . . . 120 . . . . . . . . . . 30 . . Disable Machine 1647 | . 36 9 . 54 36 90 180 144 90 234 . . . . 441 . . 36 135 90 63 9 Anti-Garrison Action 50 | . . . . . 50 . . . . . . . . . . . . . . . . . Destroy Structure 7902 | . 87 37 . 349 281 422 327 415 269 1060 . . . . 1124 . . 786 720 1524 291 210 Advance Influence 200 | . . . . . . . . . . 200 . . . . . . . . . . . . Partial Spotted 405 | . . . . 75 . 15 30 15 . . . . . . 60 . . 45 30 30 75 30 Lose Combat Pursuer 1605 | . . . 30 15 . 45 90 75 . 90 . . 255 . 45 . . 135 105 135 525 60 Influence Decreases 31301 | 5 508 359 458 720 291 1848 1748 739 1501 1741 2152 891 2358 3626 1036 1442 620 866 1835 1217 3987 1353 Entered New Map 19006 | . . 179 111 . 251 818 558 459 1241 931 1822 611 1548 3251 106 1202 420 506 1005 1047 2187 753 Time Decay 7413 | 5 336 170 347 420 . 430 500 220 260 500 330 280 770 375 510 240 200 310 510 160 240 300 Lost Part 30 | . . 10 . . . . . . . . . . . . . . . 10 . 10 . . Lost Ally 480 | . . . . . 40 . 90 60 . 10 . . 40 . 120 . . 40 20 . 60 . Purge Threat 4372 | . 172 . . 300 . 600 600 . . 300 . . . . 300 . . . 300 . 1500 300 Squads Dispatched 111 | . 8 1 . 3 . 3 10 10 . 27 . . . 1 16 . . 3 12 2 11 4 Investigation 27 | . 8 1 . 1 . . 3 3 . 3 . . . . 2 . . . 1 2 2 1 Extermination 18 | . . . . . . . 3 1 . 2 . . . . 2 . . 1 3 . 5 1 Reinforcement 20 | . . . . 1 . 1 2 4 . 2 . . . . 3 . . 1 3 . 2 1 Assault 42 | . . . . 1 . 1 2 2 . 20 . . . 1 8 . . 1 5 . . 1 Garrison 4 | . . . . . . 1 . . . . . . . . 1 . . . . . 2 . Intercept . | . . . . . . . . . . . . . . . . . . . . . . . Searches Triggered . | . . . . . . . . . . . . . . . . . . . . . . . Construction Impeded 7 | . . . . . . . . 2 . 1 . . . . 1 . . 1 2 . . . Haulers Reinforced 6 | . . . . . . . . 2 . 1 . . . . 2 . . . 1 . . . Active Scanning Responses . | . . . . . . . . . . . . . . . . . . . . . . . Cargo Convoy Interrupts . | . . . . . . . . . . . . . . . . . . . . . . . Stealth | -11 -10 -10 -10 -8 -8 -8 -7 -7 -7 -5 -5 -5 -5 -4 -4 -4 -4 -3 -3 -2 -2 -2 --------- Run | Yrd Mat Min Sub Mat Gar Mat Fac Sto Rec Fac Upp Upp War Pro Fac Upp Upp Res Tes Res Qua Frg Distress Signals 30 | . . . . 3 . 3 2 4 . 1 . . 1 . 4 . . . 5 4 3 . Communications Jammed . | . . . . . . . . . . . . . . . . . . . . . . . Distress Signals . | . . . . . . . . . . . . . . . . . . . . . . . Times Spotted 853 | . 23 8 32 35 27 40 41 46 7 126 6 2 133 14 65 10 6 33 45 82 49 23 Peak Tracking Total 21 | . 6 2 8 6 4 6 5 13 2 13 6 3 20 7 9 7 6 12 11 12 21 7 Tactical Retreats 46 | . . . 2 1 . 3 3 3 1 3 . . 6 . 2 . . 4 4 4 8 2 Traps | -11 -10 -10 -10 -8 -8 -8 -7 -7 -7 -5 -5 -5 -5 -4 -4 -4 -4 -3 -3 -2 -2 -2 ------- Run | Yrd Mat Min Sub Mat Gar Mat Fac Sto Rec Fac Upp Upp War Pro Fac Upp Upp Res Tes Res Qua Frg Traps Triggered 41 | . 1 . 4 2 3 1 2 3 . 9 . . 1 . 2 . 3 1 5 . 2 2 Indirectly 16 | . . . . . . . 1 3 . 3 . . . . 2 . 3 . 4 . . . Trap Hack Attempts . | . . . . . . . . . . . . . . . . . . . . . . . Triggered . | . . . . . . . . . . . . . . . . . . . . . . . Disarmed . | . . . . . . . . . . . . . . . . . . . . . . . Reprogrammed 4 | . . . . . . . . . . . . . . . 4 . . . . . . . Reused . | . . . . . . . . . . . . . . . . . . . . . . . Traps Extracted . | . . . . . . . . . . . . . . . . . . . . . . . Installed . | . . . . . . . . . . . . . . . . . . . . . . . Triggered . | . . . . . . . . . . . . . . . . . . . . . . . Machines | -11 -10 -10 -10 -8 -8 -8 -7 -7 -7 -5 -5 -5 -5 -4 -4 -4 -4 -3 -3 -2 -2 -2 ---------- Run | Yrd Mat Min Sub Mat Gar Mat Fac Sto Rec Fac Upp Upp War Pro Fac Upp Upp Res Tes Res Qua Frg Machines Disabled 209 | . 4 1 3 6 6 10 20 16 10 26 1 . 9 1 49 3 2 4 18 10 7 3 Max in Single Turn 5 | . 1 1 3 1 3 2 5 3 5 4 1 . 2 1 5 1 1 1 2 2 4 1 Garrison Access 9 | . . . . . . 1 . . . 1 . . . . 3 . . 2 1 . . 1 Phase Generator 1 | . . . . . 1 . . . . . . . . . . . . . . . . . Machines Repaired . | . . . . . . . . . . . . . . . . . . . . . . . Machines Dismantled . | . . . . . . . . . . . . . . . . . . . . . . . Machines Sabotaged 1 | . 1 . . . . . . . . . . . . . . . . . . . . . Overloaded Fab Kills . | . . . . . . . . . . . . . . . . . . . . . . . Hacking | -11 -10 -10 -10 -8 -8 -8 -7 -7 -7 -5 -5 -5 -5 -4 -4 -4 -4 -3 -3 -2 -2 -2 --------- Run | Yrd Mat Min Sub Mat Gar Mat Fac Sto Rec Fac Upp Upp War Pro Fac Upp Upp Res Tes Res Qua Frg Machines Accessed 124 | . 11 1 3 9 3 10 10 7 6 9 . . 1 . 17 1 . 8 9 3 12 4 Terminals 84 | . 8 . . 7 3 7 8 6 1 5 . . . . 10 . . 6 7 2 11 3 Fabricators 4 | . . . . . . . 1 . . 1 . . . . 2 . . . . . . . Repair Stations 2 | . 1 . . . . . . 1 . . . . . . . . . . . . . . Recycling Units 14 | . 2 . . 1 . 2 . . 4 2 . . . . 2 . . . . 1 . . Scanalyzers 1 | . . . . . . . . . . . . . . . . . . . 1 . . . Garrison Access 12 | . . . . 1 . 1 1 . . 1 . . . . 3 . . 2 1 . 1 1 Total Hacks 475 | . 44 1 14 50 5 62 29 26 17 45 . . 5 . 61 1 . 18 29 8 49 11 Successful 340 | . 27 1 14 39 3 50 21 15 16 34 . . 5 . 37 1 . 10 21 4 34 8 Failed 133 | . 17 . . 11 2 11 8 11 1 11 . . . . 24 . . 8 8 4 14 3 Catastrophic 9 | . . . . . . . 1 1 . . . . . . 2 . . 1 1 1 2 . Database Lockouts 2 | . . . . . . 1 . . . . . . . . . . . . . . 1 . Manual 274 | . 36 . . 38 1 40 18 13 6 25 . . . . 36 . . 10 18 5 25 3 Terminals 370 | . 41 . . 41 5 51 26 21 2 32 . . . . 49 . . 15 25 6 47 9 Fabricators 9 | . . . . . . . 2 . . 3 . . . . 4 . . . . . . . Repair Stations 6 | . 1 . . . . . . 5 . . . . . . . . . . . . . . Recycling Units 43 | . 2 . . 5 . 10 . . 12 9 . . . . 3 . . . . 2 . . Scanalyzers 3 | . . . . . . . . . . . . . . . . . . . 3 . . . Garrison Access 20 | . . . . 4 . 1 1 . . 1 . . . . 5 . . 3 1 . 2 2 Terminal Hacks 160 | . 6 1 14 16 2 23 6 6 3 12 . . 5 . 17 1 . 3 12 3 25 5 Record 15 | . . . 12 . . . . . 1 . . . . . . . . . . . 2 . Part Schematic 8 | . . . . 1 . . . . . 2 . . . . 4 . . . . . 1 . Robot Schematic 2 | . . . . . . . . . . 2 . . . . . . . . . . . . Robot Analysis 22 | . 1 . . 6 . 4 . . . 2 . . . . 1 . . 1 3 1 3 . Prototype ID Bank 23 | . 1 . . 2 . 12 . 1 . . . . 5 . 2 . . . . . . . Open Door 6 | . . 1 1 . . . . 3 . . . . . . . 1 . . . . . . Open DSF 1 | . . . . . . . . . . . . . . . . . . 1 . . . . Level Access Points 2 | . . . . . . . . . . . . . . . . . . . . . 1 1 Branch Access Points 8 | . 1 . . 1 . . 1 1 . . . . . . 1 . . 1 . 1 1 . Machine Index 2 | . . . . . . . . . . . . . . . . . . . 1 . 1 . Terminal Index 4 | . . . . 1 . 1 . . . . . . . . 1 . . . . . 1 . Fabricator Index 3 | . . . . 1 . . . . . 1 . . . . 1 . . . . . . . Scanalyzer Index 1 | . . . . . . . . . . . . . . . . . . . . 1 . . Garrison Index 1 | . . . . 1 . . . . . . . . . . . . . . . . . . Alert Level 9 | . . . . 1 . 1 . 1 . 1 . . . . . . . . 1 . 3 1 Unreport Threat 31 | . 3 . . 2 . 4 4 . . 2 . . . . 2 . . . 2 . 10 2 Locate Traps 5 | . . . . . . . 1 . . 2 . . . . . . . . 2 . . . Reprogram Traps 2 | . . . . . . . . . . . . . . . 2 . . . . . . . Recall Investigation 1 | . . . . . . . . . . . . . . . . . . . . . 1 . Hauler Manifests 4 | . . . . . . . . . . . . . . . 3 . . . 1 . . . Registered Prototypes 1 | . . . . . . 1 . . . . . . . . . . . . . . . . Zone Layout 1 | . . . . . . . . . . . . . . . . . . . . . 1 . Garrison Registry 1 | . . . . . 1 . . . . . . . . . . . . . . . . . Patrol Navigation 1 | . . . . . 1 . . . . . . . . . . . . . . . . . Proto ID Catalog 2 | . . . 1 . . . . . . . . . . . . . . . . . . 1 Protovariant Controls 2 | . . . . . . . . . . . . . . . . . . . 2 . . . Release Object 2 | . . . . . . . . . 2 . . . . . . . . . . . . . Fabricator Hacks 7 | . . . . . . . 2 . . 3 . . . . 2 . . . . . . . Network Status 2 | . . . . . . . 1 . . 1 . . . . . . . . . . . . Load Schematic 2 | . . . . . . . . . . 1 . . . . 1 . . . . . . . Build 3 | . . . . . . . 1 . . 1 . . . . 1 . . . . . . . Repair Station Hacks 4 | . . . . . . . . 4 . . . . . . . . . . . . . . Scan Component 2 | . . . . . . . . 2 . . . . . . . . . . . . . . Repair 2 | . . . . . . . . 2 . . . . . . . . . . . . . . Recycling Unit Hacks 29 | . . . . 5 . 10 . . 8 6 . . . . . . . . . . . . Recycle Component 15 | . . . . 2 . 4 . . 5 4 . . . . . . . . . . . . Process 6 | . . . . 1 . 3 . . 1 1 . . . . . . . . . . . . Report Inventory 3 | . . . . 1 . 1 . . 1 . . . . . . . . . . . . . Retrieve Matter 5 | . . . . 1 . 2 . . 1 1 . . . . . . . . . . . . Scanalyzer 2 | . . . . . . . . . . . . . . . . . . . 2 . . . Insert Component 1 | . . . . . . . . . . . . . . . . . . . 1 . . . Analyze 1 | . . . . . . . . . . . . . . . . . . . 1 . . . Garrison Access Hacks 10 | . . . . 1 . 1 . . . 1 . . . . 3 . . 2 1 . . 1 Unlock Access 1 | . . . . 1 . . . . . . . . . . . . . . . . . . Seal Access 9 | . . . . . . 1 . . . 1 . . . . 3 . . 2 1 . . 1 Unauthorized Hacks 127 | . 21 . . 17 1 16 13 5 5 12 . . . . 14 . . 5 6 1 9 2 Terminals 111 | . 18 . . 15 1 16 12 5 1 12 . . . . 11 . . 5 6 . 7 2 Track 7 | . . . . 1 . 2 1 1 . 1 . . . . 1 . . . . . . . Assimilate 9 | . . . . . . 1 3 . . 3 . . . . . . . 1 . . 1 . Botnet 54 | . 7 . . 7 1 6 7 2 1 4 . . . . 5 . . 2 5 . 5 2 Detonate 1 | . . . . . . . . . . . . . . . . . . . . . 1 . Disrupt 3 | . . . . 1 . 1 . . . 1 . . . . . . . . . . . . Operators 6 | . . . . . . 1 . 1 . 1 . . . . 1 . . 1 1 . . . Skim 26 | . 6 . . 6 . 5 1 1 . 2 . . . . 4 . . 1 . . . . Sabotage 5 | . 5 . . . . . . . . . . . . . . . . . . . . . Fabricators 2 | . . . . . . . . . . . . . . . 2 . . . . . . . Report 1 | . . . . . . . . . . . . . . . 1 . . . . . . . Haulers 1 | . . . . . . . . . . . . . . . 1 . . . . . . . Repair Stations 1 | . 1 . . . . . . . . . . . . . . . . . . . . . Patch 1 | . 1 . . . . . . . . . . . . . . . . . . . . . Recycling Units 8 | . 2 . . . . . . . 4 . . . . . 1 . . . . 1 . . Reject 1 | . . . . . . . . . . . . . . . 1 . . . . . . . Tunnel 7 | . 2 . . . . . . . 4 . . . . . . . . . . 1 . . Scanalyzers . | . . . . . . . . . . . . . . . . . . . . . . . Garrison Access 5 | . . . . 2 . . 1 . . . . . . . . . . . . . 2 . Reprogram 3 | . . . . 1 . . 1 . . . . . . . . . . . . . 1 . Watchers 2 | . . . . 1 . . . . . . . . . . . . . . . . 1 . Data Cores Recovered 1 | . . . . 1 . . . . . . . . . . . . . . . . . . Used 1 | . . . . 1 . . . . . . . . . . . . . . . . . . Hacking Detections 87 | . 6 . . 7 3 7 10 5 2 7 . . . . 13 . . 5 7 2 10 3 Full Trace Events 12 | . 1 . . . . . 1 3 . 3 . . . . 1 . . . . 1 1 1 Feedback Events 3 | . . . . . . . . 2 . 1 . . . . . . . . . . . . Corruption 3 | . . . . . . . . 2 . 1 . . . . . . . . . . . . Feedback Blocked . | . . . . . . . . . . . . . . . . . . . . . . . Robot Schematics Acquired 3 | . . . . . . . . . . 2 . . . . . . . . . . 1 . Robots Built . | . . . . . . . . . . . . . . . . . . . . . . . Authchips . | . . . . . . . . . . . . . . . . . . . . . . . Time . | . . . . . . . . . . . . . . . . . . . . . . . Total Robot Build Rating . | . . . . . . . . . . . . . . . . . . . . . . . Part Schematics Acquired 12 | . . . . 1 . . . . . 2 . . . . 4 . . . 1 . 4 . Parts Built 5 | . . . . . . . 2 . . 2 . . . . 1 . . . . . . . Authchips . | . . . . . . . . . . . . . . . . . . . . . . . Time 195 | . . . . . . . 47 . . 106 . . . . 42 . . . . . . . Total Part Build Rating 30 | . . . . . . . 10 . . 12 . . . . 8 . . . . . . . Parts Repaired 2 | . . . . . . . . 2 . . . . . . . . . . . . . . Time 88 | . . . . . . . . 88 . . . . . . . . . . . . . . Parts Recycled 15 | . . . . 2 . 4 . . 5 4 . . . . . . . . . . . . Recycled Matter 379 | . . . . 146 . 112 . . 83 38 . . . . . . . . . . . . Retrieved Matter 379 | . . . . 146 . 112 . . 83 38 . . . . . . . . . . . . Retrieved Components . | . . . . . . . . . . . . . . . . . . . . . . . Parts Scanalyzed 1 | . . . . . . . . . . . . . . . . . . . 1 . . . Part Schematics Acquired 1 | . . . . . . . . . . . . . . . . . . . 1 . . . Parts Damaged . | . . . . . . . . . . . . . . . . . . . . . . . Bothacking | -11 -10 -10 -10 -8 -8 -8 -7 -7 -7 -5 -5 -5 -5 -4 -4 -4 -4 -3 -3 -2 -2 -2 ------------ Run | Yrd Mat Min Sub Mat Gar Mat Fac Sto Rec Fac Upp Upp War Pro Fac Upp Upp Res Tes Res Qua Frg Used RIF Installer . | . . . . . . . . . . . . . . . . . . . . . . . Robots Hacked . | . . . . . . . . . . . . . . . . . . . . . . . Non-combat . | . . . . . . . . . . . . . . . . . . . . . . . Combat . | . . . . . . . . . . . . . . . . . . . . . . . Robot Hacks Applied . | . . . . . . . . . . . . . . . . . . . . . . . Relay Couplers Released 3 | . . . . . . . . . . 2 . . . . 1 . . . . . . . Machine Destruction 1 | . . . . . . . . . . . . . . . 1 . . . . . . . Programmers 2 | . . . . . . . . . . 2 . . . . . . . . . . . . Fabnet Peak Effective % . | . . . . . . . . . . . . . . . . . . . . . . . Robots Rewired 29 | . . . . . 6 . 1 1 8 . 2 . . 2 4 2 2 . 1 . . . Allies Hacked . | . . . . . . . . . . . . . . . . . . . . . . . Hacks Repelled . | . . . . . . . . . . . . . . . . . . . . . . . Allies | -11 -10 -10 -10 -8 -8 -8 -7 -7 -7 -5 -5 -5 -5 -4 -4 -4 -4 -3 -3 -2 -2 -2 -------- Run | Yrd Mat Min Sub Mat Gar Mat Fac Sto Rec Fac Upp Upp War Pro Fac Upp Upp Res Tes Res Qua Frg Total Allies 41 | . . . . . 6 1 6 3 8 1 2 . . 2 4 2 2 . 1 . 3 . Largest Group 8 | . . . . . 5 1 3 4 8 6 2 2 2 2 6 2 2 2 1 . 3 . Highest-Rated Group 260 | . . . . . 106 10 48 97 145 108 79 79 79 94 260 94 77 77 148 . 246 . Highest-Rated Ally 148 | . . . . . 24 10 32 32 40 40 49 49 49 47 56 47 47 47 148 . 82 . Initial Warlord ECA Mod 1 | . . . . . . 1 . . . . . . . . . . . . . . . . Total Orders 13 | . . . . . . . . 1 2 . . . 3 . 2 . . . 5 . . . STAY 8 | . . . . . . . . . 1 . . . 2 . 2 . . . 3 . . . ROAM 2 | . . . . . . . . 1 . . . . 1 . . . . . . . . . FOLLOW 3 | . . . . . . . . . 1 . . . . . . . . . 2 . . . Ally Attacks 153 | . . . . . 9 . 27 19 7 . . . 22 3 40 . . 2 12 . 12 . Total Damage 4590 | . . . . . 217 . 347 331 214 . . . 726 95 1938 . . 37 595 . 90 . Kills 33 | . . . . . 4 . 4 2 2 . . . 6 1 9 . . . 5 . . . Allies Corrupted 1 | . . . . . . . . . . . . . . . . . . . 1 . . . Allies Melted 1 | . . . . . . . . . . . . . 1 . . . . . . . . . Intel | -11 -10 -10 -10 -8 -8 -8 -7 -7 -7 -5 -5 -5 -5 -4 -4 -4 -4 -3 -3 -2 -2 -2 ------- Run | Yrd Mat Min Sub Mat Gar Mat Fac Sto Rec Fac Upp Upp War Pro Fac Upp Upp Res Tes Res Qua Frg Active Infowar (turns) 12047 | 9 906 342 1545 851 557 874 1014 511 221 . 2 545 894 . . 15 410 602 1024 903 337 485 Terrain 11463 | 9 906 342 1545 851 557 874 1014 511 221 . 2 545 894 . . 15 410 602 1024 903 15 223 Triangulation 584 | . . . . . . . . . . . . . . . . . . . . . 322 262 ECM 1 | . . . . . . . . . . . . . . . . . . . . . 1 . Robot Analysis Total 21 | . 1 . . 6 . 4 . . . 2 . . . . 1 . . 1 3 1 2 . Derelict Logs Recovered 12 | . . 1 2 . . . . . . . 2 3 . 1 . . 3 . . . . . Drone Launches . | . . . . . . . . . . . . . . . . . . . . . . . Drone Recoveries . | . . . . . . . . . . . . . . . . . . . . . . . Exploration | -11 -10 -10 -10 -8 -8 -8 -7 -7 -7 -5 -5 -5 -5 -4 -4 -4 -4 -3 -3 -2 -2 -2 ------------- Run | Yrd Mat Min Sub Mat Gar Mat Fac Sto Rec Fac Upp Upp War Pro Fac Upp Upp Res Tes Res Qua Frg Turns Passed 18258 | 69 906 342 1545 851 557 874 1014 511 527 1459 665 561 1827 802 1191 495 410 625 1033 903 488 603 Spaces Moved 29660 | 54 1220 485 2314 997 703 1465 2076 671 1019 1988 1144 929 2394 997 1921 1173 1013 1176 1778 1672 1499 972 Core 4 | 4 . . . . . . . . . . . . . . . . . . . . . . Treads . | . . . . . . . . . . . . . . . . . . . . . . . Legs . | . . . . . . . . . . . . . . . . . . . . . . . Wheels 130 | 50 80 . . . . . . . . . . . . . . . . . . . . . Hover 29526 | . 1140 485 2314 997 703 1465 2076 671 1019 1988 1144 929 2394 997 1921 1173 1013 1176 1778 1672 1499 972 Flight . | . . . . . . . . . . . . . . . . . . . . . . . Fastest Speed 24 | 50 56 56 56 52 48 48 38 38 38 38 43 43 43 43 32 32 32 30 30 26 24 24 Average Speed 40 | 96 58 56 56 55 51 48 38 38 38 41 43 43 43 43 38 32 32 32 30 28 24 24 Slowest Speed 116 | 100 100 56 116 56 52 48 48 38 38 101 43 43 101 43 43 32 32 36 102 30 26 24 Overloaded Moves . | . . . . . . . . . . . . . . . . . . . . . . . Propulsion Burnouts . | . . . . . . . . . . . . . . . . . . . . . . . Robots Hopped . | . . . . . . . . . . . . . . . . . . . . . . . Potential Cave-ins . | . . . . . . . . . . . . . . . . . . . . . . . Cave-ins Triggered 2 | . . . 1 . . . . 1 . . . . . . . . . . . . . . Exploration Rate (%) 75 | 3 96 99 94 74 88 95 57 87 88 41 97 99 91 96 48 96 97 33 94 54 89 28 Regions Visited 22 Branch Regions 13 Pre-discovered Areas 14 | . 2 1 2 1 . 1 . . 4 . . 1 . 1 . . . . . 1 . . Known Exits Taken 19 | . 1 1 1 1 . 1 1 1 1 1 1 1 1 1 1 1 1 1 1 1 . . Unknown Exits Taken 2 | 1 . . . . . . . . . . . . . . . . . . . . 1 . Scrap Searched 38 | . . 3 19 . . . . . . . 5 4 . 1 . 3 3 . . . . . Spaces Dug 323 | . . . 12 26 . 62 13 36 . . . . 15 . 28 . . . 52 55 9 15 Terrain Destroyed 9879 | . 100 50 375 469 464 547 379 571 461 966 198 118 1366 273 649 364 267 577 462 946 140 137 Melee . | . . . . . . . . . . . . . . . . . . . . . . . Projectile 3 | . . 1 1 . . . . . . . . . 1 . . . . . . . . . AOE 9876 | . 100 49 374 469 464 547 379 571 461 966 198 118 1365 273 649 364 267 577 462 946 140 137 Terrain Rammed . | . . . . . . . . . . . . . . . . . . . . . . . Walls Destroyed . | . . . . . . . . . . . . . . . . . . . . . . . Machines Disabled . | . . . . . . . . . . . . . . . . . . . . . . . Actions | -11 -10 -10 -10 -8 -8 -8 -7 -7 -7 -5 -5 -5 -5 -4 -4 -4 -4 -3 -3 -2 -2 -2 --------- Run | Yrd Mat Min Sub Mat Gar Mat Fac Sto Rec Fac Upp Upp War Pro Fac Upp Upp Res Tes Res Qua Frg Total 34331 | 63 1339 530 2466 1234 838 1574 2214 858 1129 2439 1292 1080 2979 1339 2281 1249 1063 1362 2187 1943 1582 1290 Wait 2515 | . 49 3 35 148 48 47 45 98 59 179 113 135 335 287 227 31 5 90 266 82 14 219 Move 29636 | 53 1219 484 2313 996 700 1464 2075 670 1018 1987 1143 928 2393 996 1920 1172 1012 1175 1777 1671 1498 972 Hop . | . . . . . . . . . . . . . . . . . . . . . . . Pick Up 66 | . . 1 1 1 1 7 4 2 6 9 1 . 3 . 5 . . 2 7 1 5 10 Fast Attach 66 | 7 3 4 3 4 2 . 3 3 . 7 1 . 4 . 2 . 1 2 9 8 2 1 Attach 12 | . . . . . 1 . 2 1 . . . . 3 1 . . . 1 . 1 2 . Detach 6 | . . . . . 1 . . 1 . 1 . . 2 . . . . . . . 1 . Swap 88 | . 7 2 1 4 . 5 7 . 1 6 1 . 3 . 7 3 1 3 9 13 11 4 Drop 87 | . 2 2 4 5 . 5 7 3 2 7 1 . 4 . 6 . . 5 14 4 6 10 Fire 1271 | 3 49 22 74 50 32 35 48 47 11 154 22 9 193 28 86 38 31 54 79 131 25 50 Melee . | . . . . . . . . . . . . . . . . . . . . . . . Ram 4 | . . . . . . . . 1 . . . . . . 1 . . 2 . . . . Kick . | . . . . . . . . . . . . . . . . . . . . . . . Crush . | . . . . . . . . . . . . . . . . . . . . . . . Escape Stasis 63 | . . . . . 15 . . 12 . 13 . . . . . . . . . 17 . 6 Rewire 103 | . . . . . 24 . 6 1 30 . 5 . . 5 14 4 3 . 6 . . 5 Trap . | . . . . . . . . . . . . . . . . . . . . . . . Miscellaneous 414 | . 10 12 35 26 14 11 17 19 2 76 5 8 39 22 13 1 10 28 20 15 18 13 Route ------- -11/Scrapyard -10/Materials (discovered 5 exits: [*Mat x3] / *Min / Sub) -10/Mines (discovered 4 exits: [*Mat x2] / [*Exi] / *Sub) -10/Subcaves (discovered 4 exits: *Mat x2 / *Rec / [*Scr]) -8/Materials (discovered 4 exits: *Fac x3 / Gar) -8/Garrison (discovered 3 exits: *Mat x3) -8/Materials (discovered 3 exits: *Fac x3) -7/Factory (discovered 7 exits: *Fac x4 / *Sto / Low x2) -7/Storage -7/Recycling -5/Factory (discovered 3 exits: *Fac / *Upp / [*Ext]) -5/Upper Caves -5/Upper Caves (discovered 2 exits: *Fac / *War) -5/Warlord -4/Proximity Caves -4/Factory (discovered 5 exits: *Res x2 / *Upp x2 / Arm) -4/Upper Caves -4/Upper Caves -3/Research (discovered 3 exits: *Res / *Tes x2) -3/Testing -2/Research (discovered 4 exits: *Acc x2 / *Qua x2) -2/Quarantine (discovered 3 exits: *Acc / [*Sec] / *Frg) -2/Protoforge (discovered 1 exit: *Acc) History --------- Turn | Location | Event 18 | -11/Scrapyard | Upgraded with Power slot (x2) 18 | -11/Scrapyard | Upgraded with Propulsion slot (x1) 18 | -11/Scrapyard | Upgraded with Utility slot (x1) 18 | -11/Scrapyard | Upgraded with Weapon slot (x1) 31 | -11/Scrapyard | Discovered new exit (range 16) 70 | -11/Scrapyard | Entered Materials 256 | -10/Materials | Discovered new exit (range 10) 259 | -10/Materials | Discovered new exit (range 15) 287 | -10/Materials | Discovered new exit (range 11) 304 | -10/Materials | Build established: Mutant 339 | -10/Materials | Identified exit to Mines 410 | -10/Materials | Discovered new exit (range 8) 417 | -10/Materials | Identified exit to Subcaves 574 | -10/Materials | Learned Storage emergency access door positions 607 | -10/Materials | Learned location of 2 exits from Subcaves 610 | -10/Materials | Reached level 2 644 | -10/Materials | Learned Storage stockpile data 930 | -10/Materials | Reached level 3 976 | -10/Materials | Entered Mines 993 | -10/Mines | A weapon hastily lodged in a ceiling crevice suddenly fell to the ground 1009 | -10/Mines | Learned 8 Materials zone layouts 1015 | -10/Mines | Discovered new exit (range 6) 1054 | -10/Mines | Met a Derelict shopkeep closing up shop 1196 | -10/Mines | Deemed a non-threat by the Exiles lab entrance 1196 | -10/Mines | Discovered new exit (range 5) 1251 | -10/Mines | Discovered new exit (range 13) 1253 | -10/Mines | Reached level 4 1278 | -10/Mines | Upgraded with Utility slot (x1) 1308 | -10/Mines | Discovered exit to Subcaves (range 6) 1318 | -10/Mines | Entered Subcaves 1319 | -10/Subcaves | Approached by a straggling Scientist 1319 | -10/Subcaves | Identified exit to Materials 1393 | -10/Subcaves | Shifting Twisted Machinery released Sub. Optics 1420 | -10/Subcaves | Visited Clippyterm 1422 | -10/Subcaves | Learned Research security intel 1514 | -10/Subcaves | Learned location of Recycling (-7) 1522 | -10/Subcaves | Learned location of Zion (-7) 1522 | -10/Subcaves | Met a Zionite searching for "candidates" 1584 | -10/Subcaves | Build established: Scout 1590 | -10/Subcaves | Reached level 5 1629 | -10/Subcaves | Shifting Twisted Machinery released Mak. Leg 1637 | -10/Subcaves | Shifting Twisted Machinery released Battle Rifle 1640 | -10/Subcaves | Scientist uncovered a shortcut to Scraptown 1665 | -10/Subcaves | Discovered new exit (range 14) 1799 | -10/Subcaves | A swath of the cavern ceiling suddenly collapsed 1808 | -10/Subcaves | Shifting Twisted Machinery released Barrage Gun 1858 | -10/Subcaves | Disturbed a concealed Subdweller 1930 | -10/Subcaves | Disturbed a concealed Subdweller 2314 | -10/Subcaves | Visited 4L-MR0's lab 2526 | -10/Subcaves | Crushed by falling debris 2664 | -10/Subcaves | Disturbed a concealed Subdweller 2664 | -10/Subcaves | Disturbed a concealed Subdweller 2863 | -10/Subcaves | Entered Materials 2864 | -8/Materials | Identified exit to Factory 2865 | -8/Materials | Reached level 6 2865 | -8/Materials | Reached level 7 2870 | -8/Materials | Upgraded with Propulsion slot (x1) 3160 | -8/Materials | Reached level 8 3162 | -8/Materials | Build established: Hacker-Scout 3247 | -8/Materials | Discovered exit to Factory (range 3) 3371 | -8/Materials | Reached level 9 3495 | -8/Materials | Learned Storage trap positions 3573 | -8/Materials | Learned location of 3 exits from Factory 3663 | -8/Materials | First assault squad dispatched 3712 | -8/Materials | Identified exit to Garrison 3714 | -8/Materials | Entered Garrison 3716 | -8/Garrison | Reached level 10 3730 | -8/Garrison | Triggered checkpoint 3741 | -8/Garrison | Phase Generator disabled 3814 | -8/Garrison | Reached level 11 3925 | -8/Garrison | Triggered checkpoint 3952 | -8/Garrison | Triggered checkpoint 4006 | -8/Garrison | Triggered checkpoint 4008 | -8/Garrison | Discovered new exit (range 12) 4033 | -8/Garrison | Upgraded with Utility slot (x1) 4035 | -8/Garrison | Upgraded with Propulsion slot (x1) 4066 | -8/Garrison | Triggered checkpoint 4103 | -8/Garrison | Discovered new exit (range 46) 4103 | -8/Garrison | Discovered new exit (range 77) 4103 | -8/Garrison | Discovered new exit (range 25) 4103 | -8/Garrison | Reached level 12 4112 | -8/Garrison | Triggered checkpoint 4135 | -8/Garrison | Identified exit to Materials 4136 | -8/Garrison | Attempted to access garrison exit controls, blocked by remote lockdown 4158 | -8/Garrison | Triggered checkpoint 4222 | -8/Garrison | Triggered checkpoint 4271 | -8/Garrison | Entered Materials 4402 | -8/Materials | Discovered exit to Factory (range 9) 4459 | -8/Materials | Upgraded with Utility slot (x2) 4473 | -8/Materials | Garrison activated, responded to threat 4519 | -8/Materials | Discovered exit to Factory (range 15) 4533 | -8/Materials | Destroyed 12 combat bots 4543 | -8/Materials | Reached level 13 4607 | -8/Materials | Discovered exit to Factory (range 8) 4783 | -8/Materials | Central database locked down 4847 | -8/Materials | Learned Factory emergency access door positions 4980 | -8/Materials | Learned 2 Lower Caves zone layouts 5005 | -8/Materials | Learned location of 1 exit from Lower Caves 5050 | -8/Materials | Learned Factory emergency access door positions 5071 | -8/Materials | First assault squad dispatched 5088 | -8/Materials | Learned Storage trap positions 5145 | -8/Materials | Entered Factory 5145 | -7/Factory | Accompanied by 1 ally 5146 | -7/Factory | Identified exit to Factory 5147 | -7/Factory | Identified exit to Lower Caves 5147 | -7/Factory | Identified exit to Storage 5147 | -7/Factory | Reached level 14 5445 | -7/Factory | Reached level 15 5545 | -7/Factory | First assault squad dispatched 5575 | -7/Factory | Fabricated Imp. Medium Treads? 5716 | -7/Factory | Destroyed 9 combat bots 5912 | -7/Factory | Reached level 16 6159 | -7/Factory | Entered Storage 6159 | -7/Storage | Accompanied by 2 allies 6160 | -7/Storage | Loaded intel: 15 trap records 6176 | -7/Storage | Met a pair of Derelict thieves 6283 | -7/Storage | Found Corrupted Rocket Array 6303 | -7/Storage | Lost 4 allies 6331 | -7/Storage | Crushed by falling debris 6331 | -7/Storage | Core integrity fell below 50% 6344 | -7/Storage | Destroyed 12 combat bots 6366 | -7/Storage | Reached level 17 6411 | -7/Storage | Destroyed 12 combat bots 6420 | -7/Storage | Found Corrupted Rocket Array 6517 | -7/Storage | Repaired Corrupted Rocket Array 6520 | -7/Storage | Upgraded with Utility slot (x1) 6565 | -7/Storage | Repaired Corrupted Rocket Array 6616 | -7/Storage | High security lockdown imminent 6623 | -7/Storage | Identified exit to Recycling 6634 | -7/Storage | Used back door to open Recycling access 6637 | -7/Storage | Destroyed 9 combat bots 6670 | -7/Storage | Entered Recycling 6870 | -7/Recycling | Discovered new exit (range 9) 7038 | -7/Recycling | Entered Scraplab 7114 | -7/Recycling | Reached level 18 7164 | -7/Recycling | Identified exit to Factory 7197 | -7/Recycling | Entered Factory 7197 | -5/Factory | Accompanied by 6 allies 7199 | -5/Factory | Reached level 19 7245 | -5/Factory | Lost 3 allies 7265 | -5/Factory | Allied Derelicts emerged from ambush trap array 7360 | -5/Factory | Allied Derelicts emerged from ambush trap array 7374 | -5/Factory | Found Prototype Launcher 7374 | -5/Factory | Identified Tesla Bomb Launcher 7379 | -5/Factory | Discovered new exit (range 7) 7395 | -5/Factory | Murdered 6 allies 7399 | -5/Factory | Reached level 20 7497 | -5/Factory | First assault squad dispatched 7513 | -5/Factory | Build established: Hacker-Mutant 7917 | -5/Factory | Destroyed 7 combat bots 7933 | -5/Factory | Discovered new exit (range 12) 7945 | -5/Factory | Identified exit to Upper Caves 7988 | -5/Factory | Reached level 21 7999 | -5/Factory | Discovered new exit (range 16) 8031 | -5/Factory | Destroyed 9 combat bots 8052 | -5/Factory | Upgraded with Weapon slot (x1) 8120 | -5/Factory | Identified exit to Factory 8135 | -5/Factory | Destroyed 10 combat bots 8142 | -5/Factory | Fabricated Imp. Shock Absorption System? 8199 | -5/Factory | High security lockdown imminent 8213 | -5/Factory | Reached level 22 8279 | -5/Factory | High security lockdown engaged 8338 | -5/Factory | Build established: Hacker-Bomber 8382 | -5/Factory | Destroyed 15 combat bots 8446 | -5/Factory | Reached level 23 8521 | -5/Factory | Destroyed 26 combat bots 8567 | -5/Factory | Destroyed 8 combat bots 8629 | -5/Factory | Destroyed 17 combat bots 8656 | -5/Factory | Entered Upper Caves 8819 | -5/Upper Caves | Discovered new exit (range 2) 8819 | -5/Upper Caves | Identified exit to Upper Caves 8962 | -5/Upper Caves | Reached level 24 9000 | -5/Upper Caves | Attracted the attention of an 0b10 outpost 9031 | -5/Upper Caves | Learned Factory terminal intel 9037 | -5/Upper Caves | Destroyed 7 combat bots 9050 | -5/Upper Caves | Learned 8 Factory zone layouts 9062 | -5/Upper Caves | Entered a destroyed Warlord outpost 9321 | -5/Upper Caves | Entered another Upper Caves area 9321 | -5/Upper Caves | Accompanied by 2 allies 9330 | -5/Upper Caves | Discovered exit to Factory (range 8) 9335 | -5/Upper Caves | Encountered a Warlord checkpoint 9361 | -5/Upper Caves | Learned Factory emergency access door positions 9378 | -5/Upper Caves | Learned Factory trap positions 9388 | -5/Upper Caves | Discovered new exit (range 8) 9510 | -5/Upper Caves | Build established: Hacker-Scout 9624 | -5/Upper Caves | Learned location of Armory (-4) 9762 | -5/Upper Caves | Identified exit to Warlord 9882 | -5/Upper Caves | Entered Warlord 9882 | -5/Warlord | Accompanied by 2 allies 9898 | -5/Warlord | System corruption cleaned by Quarantine Array 9926 | -5/Warlord | Found Prototype Special Weapon 9926 | -5/Warlord | Identified RU-N14's Throwing Claymores v3 9929 | -5/Warlord | Found RU-N14's Throwing Claymores v3 9931 | -5/Warlord | Found RU-N14's Throwing Claymores v3 10041 | -5/Warlord | Met Warlord 10053 | -5/Warlord | Warlord's base attacked by MAIN.C 10108 | -5/Warlord | Discovered new exit (range 15) 10198 | -5/Warlord | Destroyed 13 combat bots 10274 | -5/Warlord | Warlord forces counterattacked 10334 | -5/Warlord | Destroyed 13 combat bots 10391 | -5/Warlord | Destroyed 7 combat bots 10393 | -5/Warlord | Lost 3 allies 10454 | -5/Warlord | Spotted Executioner 10454 | -5/Warlord | Spotted Executioner 10456 | -5/Warlord | Reached level 25 10458 | -5/Warlord | Spotted Executioner 10459 | -5/Warlord | Destroyed YP-IYR(g) 10461 | -5/Warlord | Destroyed Executioner 10464 | -5/Warlord | Destroyed Executioner 10485 | -5/Warlord | Destroyed 12 combat bots 10492 | -5/Warlord | Lost 5 allies 10560 | -5/Warlord | Spotted Executioner 10560 | -5/Warlord | Spotted Striker 10561 | -5/Warlord | Destroyed Executioner 10601 | -5/Warlord | Lost 7 allies 10675 | -5/Warlord | Spotted Striker 10678 | -5/Warlord | Spotted Striker 10690 | -5/Warlord | Destroyed Striker 10692 | -5/Warlord | Destroyed Striker 10713 | -5/Warlord | Destroyed 14 combat bots 10720 | -5/Warlord | Lost 8 allies 10728 | -5/Warlord | Warlord base infiltrated, sounded retreat 10761 | -5/Warlord | Spotted Striker 10762 | -5/Warlord | Spotted Striker 10962 | -5/Warlord | Spotted Striker 10964 | -5/Warlord | Spotted Striker 10964 | -5/Warlord | Spotted Executioner 10967 | -5/Warlord | Destroyed Striker 10967 | -5/Warlord | Destroyed Striker 10978 | -5/Warlord | Upgraded with Weapon slot (x1) 10978 | -5/Warlord | Found Prototype Ballistic Cannon 10978 | -5/Warlord | Identified Hvy. Autocannon 10988 | -5/Warlord | Destroyed 13 combat bots 10994 | -5/Warlord | Lost 6 allies 11062 | -5/Warlord | Build established: Hacker-Bomber 11142 | -5/Warlord | Spotted Striker 11168 | -5/Warlord | Destroyed Striker 11218 | -5/Warlord | Spotted Striker 11224 | -5/Warlord | Destroyed Striker 11255 | -5/Warlord | Destroyed 35 combat bots 11257 | -5/Warlord | Spotted Executioner 11278 | -5/Warlord | Destroyed Executioner 11312 | -5/Warlord | Destroyed Striker 11340 | -5/Warlord | Destroyed 10 combat bots 11347 | -5/Warlord | Spotted B-86 Titan 11366 | -5/Warlord | Spotted Striker 11378 | -5/Warlord | Reached level 26 11380 | -5/Warlord | Spotted Executioner 11402 | -5/Warlord | Destroyed Executioner 11433 | -5/Warlord | Spotted Striker 11451 | -5/Warlord | Destroyed Striker 11477 | -5/Warlord | Destroyed 21 combat bots 11483 | -5/Warlord | Destroyed Striker 11557 | -5/Warlord | Spotted Striker 11561 | -5/Warlord | Destroyed Striker 11567 | -5/Warlord | Spotted Executioner 11584 | -5/Warlord | Destroyed 13 combat bots 11627 | -5/Warlord | Destroyed Executioner 11681 | -5/Warlord | Identified exit to Proximity Caves 11709 | -5/Warlord | Entered Proximity Caves 11733 | -4/Proximity Caves | Destroyed 19 combat bots 11781 | -4/Proximity Caves | Spotted B-86 Titan 11802 | -4/Proximity Caves | Destroyed B-86 Titan 11873 | -4/Proximity Caves | Discovered exit to Factory (range 15) 11878 | -4/Proximity Caves | Destroyed 10 combat bots 12012 | -4/Proximity Caves | Attracted the attention of an 0b10 checkpoint 12115 | -4/Proximity Caves | Attracted the attention of an 0b10 outpost 12143 | -4/Proximity Caves | Destroyed 9 combat bots 12239 | -4/Proximity Caves | Received a Behemoth hack from an annoying Tinkerer 12511 | -4/Proximity Caves | Entered Factory 12511 | -4/Factory | Accompanied by 2 allies 12513 | -4/Factory | Loaded intel: 122 trap records 12513 | -4/Factory | Reached level 27 12515 | -4/Factory | Loaded intel: 26 terminal locations 12750 | -4/Factory | Destroyed 10 combat bots 12761 | -4/Factory | First assault squad dispatched 12859 | -4/Factory | Discovered new exit (range 15) 12864 | -4/Factory | Identified exit to Research 12893 | -4/Factory | Identified exit to Upper Caves 12893 | -4/Factory | Identified exit to Armory 12943 | -4/Factory | Fabricated Gamma Bomb Array (x1) 12973 | -4/Factory | Garrison activated, responded to threat 13020 | -4/Factory | Destroyed 12 combat bots 13145 | -4/Factory | Discovered exit to Research (range 12) 13353 | -4/Factory | Reached level 28 13362 | -4/Factory | Found Prototype Hackware 13485 | -4/Factory | Upgraded with Propulsion slot (x1) 13547 | -4/Factory | High security lockdown imminent 13627 | -4/Factory | High security lockdown engaged 13702 | -4/Factory | Entered Upper Caves 13734 | -4/Upper Caves | Destroyed 8 combat bots 13746 | -4/Upper Caves | Attacked by a delusional Derelict stockpiling Unaware 13782 | -4/Upper Caves | Build established: Hacker-Sprinter 13864 | -4/Upper Caves | Attracted the attention of an 0b10 outpost 13918 | -4/Upper Caves | Discovered new exit (range 12) 13919 | -4/Upper Caves | Destroyed 9 combat bots 13921 | -4/Upper Caves | Identified exit to Upper Caves 14197 | -4/Upper Caves | Entered another Upper Caves area 14199 | -4/Upper Caves | Discovered exit to Research (range 3) 14355 | -4/Upper Caves | Learned Research security intel 14395 | -4/Upper Caves | Learned location of 1 exit from Research 14422 | -4/Upper Caves | Spotted B-86 Titan 14437 | -4/Upper Caves | Destroyed B-86 Titan 14492 | -4/Upper Caves | Build established: Hacker-Scout 14583 | -4/Upper Caves | Attracted the attention of an 0b10 outpost 14607 | -4/Upper Caves | Destroyed 7 combat bots 14607 | -4/Upper Caves | Entered Research 14607 | -3/Research | Accompanied by 2 allies 14608 | -3/Research | Identified exit to Research 14665 | -3/Research | Reached level 29 14682 | -3/Research | Discovered new exit (range 14) 14710 | -3/Research | Identified exit to Testing 14729 | -3/Research | Upgraded with Utility slot (x1) 15107 | -3/Research | First assault squad dispatched 15232 | -3/Research | Entered Testing 15241 | -3/Testing | Found Prototype Device 15241 | -3/Testing | Identified Exp. Thermal Shield 15262 | -3/Testing | Found Prototype Hackware 15302 | -3/Testing | Found Prototype Energy Gun 15302 | -3/Testing | Identified Warp Gun 15380 | -3/Testing | Discovered exit to Research (range 23) 15387 | -3/Testing | Rewired PG-BJKZ5NJJCF 15482 | -3/Testing | First assault squad dispatched 15523 | -3/Testing | Destroyed 7 combat bots 15589 | -3/Testing | Found Prototype Device 15589 | -3/Testing | Identified Exp. Thermal Defense Suite 15603 | -3/Testing | Reached level 30 15652 | -3/Testing | Destroyed 8 combat bots 15695 | -3/Testing | Protovariant out of control (PL-NNY0EFSUEO) 15695 | -3/Testing | Unleashed a protovariant (PL-NNY0EFSUEO) 15938 | -3/Testing | Found Prototype Launcher 15938 | -3/Testing | Identified Containment Facilitator 16058 | -3/Testing | Destroyed 13 combat bots 16218 | -3/Testing | Found Prototype Device 16218 | -3/Testing | Identified Exp. EM Disruption Field 16254 | -3/Testing | High security lockdown imminent 16265 | -3/Testing | Entered Research 16265 | -2/Research | Warlord forces began assault on 0b10 16267 | -2/Research | Reached level 31 16286 | -2/Research | Identified exit to Quarantine 16295 | -2/Research | Borebot progress halted 16363 | -2/Research | Met up with Warlord 16375 | -2/Research | Research machine network offline 16440 | -2/Research | Discovered new exit (range 17) 16455 | -2/Research | Spotted B-90 Cyclops 16459 | -2/Research | Destroyed B-90 Cyclops 16480 | -2/Research | Destroyed 10 combat bots 16504 | -2/Research | Reached level 32 16601 | -2/Research | High security lockdown imminent 16649 | -2/Research | Spotted B-90 Cyclops 16660 | -2/Research | Destroyed B-90 Cyclops 16669 | -2/Research | Spotted B-90 Cyclops 16677 | -2/Research | Destroyed B-90 Cyclops 16681 | -2/Research | High security lockdown engaged 16685 | -2/Research | Discovered new exit (range 21) 16686 | -2/Research | Found Prototype Device 16686 | -2/Research | Identified Exp. Transmission Jammer 16785 | -2/Research | Identified exit to Access 16822 | -2/Research | Upgraded with Utility slot (x1) 16914 | -2/Research | Found Prototype Device 16914 | -2/Research | Identified Exp. Shield Generator 16927 | -2/Research | Destroyed 8 combat bots 16971 | -2/Research | Spotted Striker 16971 | -2/Research | Spotted Striker 16974 | -2/Research | Destroyed Striker 16994 | -2/Research | Destroyed Striker 17002 | -2/Research | Found Prototype Launcher 17002 | -2/Research | Identified Ragnarok Missile Launcher 17007 | -2/Research | Spotted Striker 17009 | -2/Research | Core integrity fell below 50% 17009 | -2/Research | Borebot progress halted 17061 | -2/Research | Borebot progress halted 17069 | -2/Research | Spotted Investigator 17069 | -2/Research | Destroyed Investigator 17093 | -2/Research | Scanned by Researcher 17095 | -2/Research | Destroyed Investigator 17118 | -2/Research | Borebot progress halted 17125 | -2/Research | Destroyed 7 combat bots 17136 | -2/Research | Spotted Striker 17140 | -2/Research | Spotted Striker 17144 | -2/Research | Core integrity fell below 20% 17161 | -2/Research | Reached level 33 17168 | -2/Research | Entered Quarantine 17169 | -2/Quarantine | Destroyed 9 combat bots 17176 | -2/Quarantine | Identified System Mapper 17178 | -2/Quarantine | Identified Exp. System Shield 17269 | -2/Quarantine | Central database locked down 17288 | -2/Quarantine | Found Exp. System Shield 17471 | -2/Quarantine | Build established: Wizard-Sprinter 17508 | -2/Quarantine | Garrison activated, responded to threat 17590 | -2/Quarantine | Found Alien Artifact 17623 | -2/Quarantine | Found Alien Artifact 17637 | -2/Quarantine | Spotted Fortress 17654 | -2/Quarantine | Discovered new exit (range 5) 17654 | -2/Quarantine | Discovered new exit (range 6) 17656 | -2/Quarantine | Entered Protoforge 17706 | -2/Protoforge | Spotted B-90 Cyclops 17720 | -2/Protoforge | Discovered exit to Access (range 16) 17806 | -2/Protoforge | Superfortress began startup sequence 17838 | -2/Protoforge | Spotted Hotshot 17849 | -2/Protoforge | Destroyed Hotshot 17849 | -2/Protoforge | Destroyed Hotshot 17851 | -2/Protoforge | Spotted Hotshot 17851 | -2/Protoforge | Spotted Hotshot 17857 | -2/Protoforge | Destroyed Hotshot 17857 | -2/Protoforge | Destroyed Hotshot 17858 | -2/Protoforge | Spotted Hotshot 17863 | -2/Protoforge | Destroyed Hotshot 17884 | -2/Protoforge | Destroyed 12 combat bots 18156 | -2/Protoforge | First assault squad dispatched 18181 | -2/Protoforge | Spotted Immortal 18184 | -2/Protoforge | System corruption reached 10% 18207 | -2/Protoforge | Spotted Immortal 18215 | -2/Protoforge | Build established: Wizard-Scout 18220 | -2/Protoforge | Spotted Immortal 18221 | -2/Protoforge | Spotted Decapitator 18221 | -2/Protoforge | Spotted Decapitator 18221 | -2/Protoforge | Spotted Decapitator 18221 | -2/Protoforge | Spotted Decapitator 18241 | -2/Protoforge | Destroyed Decapitator 18241 | -2/Protoforge | Destroyed Decapitator 18243 | -2/Protoforge | Destroyed Decapitator 18243 | -2/Protoforge | Destroyed Decapitator 18249 | -2/Protoforge | Spotted Decapitator 18249 | -2/Protoforge | Spotted Decapitator 18252 | -2/Protoforge | Found Prototype Launcher 18252 | -2/Protoforge | Identified Cep. Concussive Dispersal Blaster 18254 | -2/Protoforge | Spotted Decapitator 18254 | -2/Protoforge | Spotted Decapitator 18255 | -2/Protoforge | Destroyed Decapitator 18257 | -2/Protoforge | Destroyed Decapitator 18259 | -2/Protoforge | Destroyed by Decapitator with Experimental Terror Saw Last Messages --------------- 18241_ Knocked back. 18243_ System corrupted: Matter fused (-9). 18243_ Containment Facilitator severed. 18243_ Decapitator destroyed. 18244_ Acquired 14 matter. 18248_ Acquired 33 matter. 18249_ Acquired 26 matter. 18251_ Used Protomatter to restore core integrity (+48, depleted) 18252_ Acquired Prototype Launcher. 18252_ Identified Cep. Concussive Dispersal Blaster. 18254_ Upgraded: Core Integrity (+100) 18254_ Knocked back. 18255_ Destroyed Prototype Device. 18255_ Decapitator destroyed. 18256_ Imp. Linear Gravjet severed. 18256_ Lrn. Terrain Scanner severed. 18257_ Decapitator destroyed. 18257_ Destroyed Exp. Terror Saw. Map ----- +----------------------------------------------------+ | ????????????????????? ??????????????????????? | | ???????????????????" ??????##??????????????? | | ???????????????????? ? ??????????????????????? | | ????????????#????? "?? ?????????????#????????? | | ??????????????#??????? ???????##?????????????? | | ???????????????#?#???? ? ?? ?"?????#?????????? | | ?????????????????#?#??? ???? "#???###??"?????? | | ???????????#??##?? ?? ? ???? ????????????????? | | ?????????##?###??? " ? % ?"?"????##?#????? ? ? | | ???#?#?????????#?????? ? #?""?""??#?#??##??? ? ? | | ??????#?????#??#????# ?# ##???????#?????????""? ? | | ???????###?#???#?##?#?## ##???????#???#??#?" " | | ??????#?########?#?##??# ####?#??#?#???####" " | | ?????#?###?????#?#???### ##?###??##?????#??"? ? | | ???###??##??###??##????# ##??##???##?#??#?#"? " | | ????##??????#?#??##?#??# #????#?#??#?#?#???"??" | | ?#??##?#?##????##?#?#??# ###??##??#?##?#?#????" | | ??##??#?###??#?#??####?# ###?####???#####???" | | #?##???##??#?##?##???#?# #??????###?##??#"? " | | ?##???##?#?#?#?#?#??#### #?##?#?#?#######???" | | ?#???#??###??##?##?###?# #??#????##?#?###?"?# | | ?#?##??##?#??###????####= #####?#???###????##?## | | ?#?##???#??###???#??#?##c #?#?###????##???##?### | | #??##??##????##?#?#??### ##?#?##?#?####?##?##?# | | ##????##?###?#???####??#]c#?#####?#?####?##?#### | | ?#?##?##???#########?#?# @####???##?###?###?##?# | | ?##?#???###?####??##?#?# l##?#####?#######???### | | ??#####??##?# ######### ###################### | | ?#???##?##?## | | #??#?#?##?### ? ? | | #?#?##?####?# = | | #?#??###??### ####################++############# | | #?####""""??# ##?######?##??#?# " "##?###?##? | | #??###" /] ## #?#?###??##??#### ! "##?###?### | | ??#??#" /[[## #####"###??###### "###?#?#### | | ##?#?#" ]/[" ""#?###????##" /"##?#?##?## | | ????##"[][/" "##???###?##" T" ##?###?#### | | ?#####"]][]" "#?#?####?##" "" "#?????#### | | ?????#"[ ]]" "##??#????##" """" "##?##?#??# | | ?#??##"]/ /" ""##???###??#""""""""###????### | | ????##" [] " """"#??###???#############?###?## | | ???###"[/] " """"###??##?#??##?##???#####?#??# | | ?????#"[/ # ""#??##??#?###?###?#?#####??### | | #??#?#"] # "#?#???#?#??#???##?#???#??#??? | | ##???#"""""# "#??##????###?##??##?#?##???#? | | ??########?# "#?#???##??#####??#?####?#?##? | | ??#?#???##" " " "####?###?###?###?##??####?### | | ???#?????#"""""""""""#?##?????#?####??#?###??##### | | ?###?#?######################?##???????##########? | | ???????#??##??#????#?#??#??#???#???#?##?#??#?#?#?# | +----------------------------------------------------+ Best States ------------- Heat Dissipation 67 Energy Generation 67 Energy Capacity 610 Matter Stores 600 Matter Capacity 600 Sight Range 19 Robot Scan Range 20 Terrain Scan Range 24 Terrain Scan Density 210 Additional Mass Support 16 Armor Coverage 225 Resistance: KI 50 Resistance: TH 50 Resistance: EX 70 Resistance: EM 20 Resistance: I 20 Resistance: S 20 Resistance: P 20 Weapon Shielding 33 Weapon Cycling 15 Evasion (%) 60 Energy Filtering 30 Offensive Hacking 64 Defensive Hacking 31 Item Schematics ----------------- Tractor Beam | -8/Materials | Hacked Imp. Shock Absorption System | -5/Factory | Hacked Thermal Shield | -5/Factory | Hacked Gamma Bomb Array | -4/Factory | Hacked Fusion Bomb Launcher | -4/Factory | Hacked Imp. Linear Gravjet | -4/Factory | Hacked Adv. Hacking Suite | -4/Factory | Hacked Adv. Point Defense System | -3/Testing | Scanalyzed Launcher Loader | -2/Quarantine | Hacked Enh. Gamma Bomb Array | -2/Quarantine | Archive Lrn. Phase Cannon | -2/Quarantine | Archive Electron Diverter | -2/Quarantine | Archive Robot Schematics ------------------ P-70 Sage | -5/Factory | Hacked P-60 Hacker | -5/Factory | Hacked A-27 Freighter | -2/Quarantine | Archive Fabricated ------------ Imp. Medium Treads | x2 | -7/Factory | Preloaded Imp. Shock Absorption System | x2 | -5/Factory Gamma Bomb Array | x1 | -4/Factory Repaired ---------- Rocket Array | 43% | -7/Storage | Corrupted Rocket Array | 50% | -7/Storage | Corrupted Alien Tech Used ----------------- None Achievements -------------- Launcher Specialist Challenges ------------ None RPGLIKE | -11 -10 -10 -10 -8 -8 -8 -7 -7 -7 -5 -5 -5 -5 -4 -4 -4 -4 -3 -3 -2 -2 -2 --------- Run | Yrd Mat Min Sub Mat Gar Mat Fac Sto Rec Fac Upp Upp War Pro Fac Upp Upp Res Tes Res Qua Frg Levels Raised 32 | . 2 1 1 4 3 1 3 1 1 5 1 . 2 . 2 . . 1 1 3 . . XP Earned 53285 | 4000 3130 1645 1905 6468 3802 1648 4210 2094 617 8740 379 272 3097 909 1909 204 245 1364 1455 3922 501 769 XP Spent 51235 | 3700 3300 1300 1390 4650 2700 4850 2950 3000 . 7800 . . 3550 . 3250 . . 2470 . 4700 405 1220 Upgrades 105 | 7 14 6 4 9 3 4 6 3 . 18 . . 6 . 3 . . 2 . 12 3 5 Power Slot 2 | 2 . . . . . . . . . . . . . . . . . . . . . . Propulsion Slot 4 | 1 . . . 1 1 . . . . . . . . . 1 . . . . . . . Utility Slot 8 | 1 . 1 . . 1 2 . 1 . . . . . . . . . 1 . 1 . . Weapon Slot 3 | 1 . . . . . . . . . 1 . . 1 . . . . . . . . . Core Integrity 15 | . . . . . . . . . . . . . . . . . . . . 10 3 2 Heat Dissipation 7 | . 6 . . . . . . . . . . . . . . . . 1 . . . . Energy Generation 4 | . . . . . . . 2 . . . . . . . 2 . . . . . . . Energy Storage 4 | . . . . . . . . . . . . . 4 . . . . . . . . . Matter Storage 6 | . . . . . . . . 1 . 5 . . . . . . . . . . . . Mass Support 3 | . 2 . 1 . . . . . . . . . . . . . . . . . . . Inventory Capacity 6 | . 1 . . . 1 2 1 . . . . . 1 . . . . . . . . . Sight Range 3 | . . . . . . . . . . . . . . . . . . . . . . 3 Sensor Range 10 | . . 5 . . . . . . . 5 . . . . . . . . . . . . Terrain Scan Density 2 | . . . 2 . . . . . . . . . . . . . . . . . . . Ranged Accuracy 5 | 2 1 . . 1 . . . 1 . . . . . . . . . . . . . . Hack Attack % 4 | . . . . 3 . . . . . 1 . . . . . . . . . . . . Hack Defense % 3 | . . . . 2 . . . . . 1 . . . . . . . . . . . . KI Resistance % 4 | . . . 1 . . . 1 . . 2 . . . . . . . . . . . . TH Resistance % 4 | . . . . . . . 2 . . 2 . . . . . . . . . . . . EX Resistance % 4 | . 2 . . 1 . . . . . 1 . . . . . . . . . . . . EX Damage % 4 | . 2 . . 1 . . . . . . . . . . . . . . . 1 . . Protomatter Created 7273 | . 181 171 285 340 264 82 382 416 28 1287 97 131 1390 237 534 50 227 244 169 587 11 160 Integrity Restored 7763 | . 145 231 716 524 234 204 193 363 27 1401 111 154 657 427 192 24 219 613 365 279 393 291 Core 6039 | . 92 194 569 366 201 204 80 363 27 1023 111 75 494 279 140 24 219 449 225 220 393 291 Parts 1724 | . 53 37 147 158 33 . 113 . . 378 . 79 163 148 52 . . 164 140 59 . . Protomatter Decayed 4833 | . 99 55 . 69 69 6 206 60 43 213 15 31 968 86 307 . 38 51 145 2203 122 47 Game ------ Seed PhasingRefineryShearcannon Manual? 0 Play Time 06:07:41 Cumulative 372.6 hours Start 2025.08.27 @ 12:01:49 End 2025.09.14 @ 20:26:01 Sessions 13 Manual Loads 0 Difficulty Adventurer Special Mode Winter2019/RPGLIKE Game No. 138 Rogue 0 Adventurer 138 Explorer 0 Win Type - Total 14 Types 2/3/3/3/1/0/0/0/1/1 Lore% 89 Gallery% 81 Achievement% 82 Wizard Run 0 Options --------- Layout 2 ASCII 0 Keyboard 0 Movement Numpad Keybinds 0 Fullscreen 2 Font 24/Smallcaps Map View 50x44 Zoom Use 0% Tactical HUD 1 Map Filters NONE Filters NONE Steam 1 RUN: 3bda6100-6163-403b-919f-a414d93ee54a